Map: Terraform LE (Void)

Players

Pure - Winner!

  • Race: Protoss Protoss
  • League: Diamond

Plurmorant

  • Race: Zerg Zerg
  • League: Master

Event: ASL Season 5 Prime League LOTV Beta

VOD

Have the link to the VOD?

Description

Time

  • Played on: Sept. 16, 2015, 9:55 p.m.
  • Length: 8:22

All games in this series

Show
View Real Time Build Order
Export as new Build Order

Pure Protoss - Winner!

Build Orders:  

Get SALT Encoding   

  12  0:00  Probe (Chrono Boost)  
  13  0:18  Pylon  
  13  0:19  Probe (Chrono Boost)  
  14  0:29  Probe (Chrono Boost)  
  15  0:39  Probe (Chrono Boost)  
  16  0:49  Probe (Chrono Boost)  
  17  0:59  Probe (Chrono Boost)  
  18  1:07  Nexus  
  18  1:12  Probe (Chrono Boost)  
  19  1:21  Gateway  
  19  1:23  Probe (Chrono Boost)  
  20  1:27  Assimilator  
  20  1:32  Assimilator  
  20  1:34  Probe (Chrono Boost)  
  21  1:42  Pylon  
  21  1:45  Probe (Chrono Boost)  
  22  1:55  Probe (Chrono Boost)  
  23  2:05  Probe (Chrono Boost)  
  23  2:08  Cybernetics Core  
  24  2:12  Zealot  
  26  2:15  Probe (Chrono Boost)  
  26  2:19  Pylon  
  27  2:23  Probe (Chrono Boost)  
  27  2:28  Probe (Chrono Boost)  
  29  2:33  Probe (Chrono Boost)  
  30  2:38  Probe (Chrono Boost)  
  30  2:43  Probe (Chrono Boost)  
  32  2:47  Probe (Chrono Boost)  
  32  2:51  Stalker (Chrono Boost), Warp Gate (Chrono Boost)  
  32  2:53  Probe  
  35  3:04  Gateway  
  35  3:06  Mothership Core  
  35  3:09  Probe  
  38  3:13  Assimilator  
  38  3:19  Robotics Facility  
  38  3:21  Probe  
  39  3:31  Probe  
  39  3:33  Probe  
  41  3:43  Probe  
  41  3:46  Probe  
  41  3:47  Pylon  
  43  3:53  Pylon  
  43  3:55  Probe  
  43  3:58  Sentry (Chrono Boost)  
  43  3:59  Probe  
  47  4:07  Probe  
  47  4:08  Warp Prism (Chrono Boost)  
  48  4:11  Probe  
  48  4:16  Pylon  
  51  4:19  Probe  
  52  4:26  Gateway  
  52  4:27  Gateway  
  52  4:31  Gateway  
  52  4:32  Gateway  
  52  4:35  Gateway  
  52  4:37  Immortal  
  52  4:41  Assimilator  
  56  4:56  Pylon  
  56  4:58  Pylon  
  56  5:00  Adept  
  56  5:01  Adept  
  60  5:12  Pylon  
  60  5:13  Pylon x2  
  60  5:14  Immortal  
  60  5:20  Probe x2  
  66  5:31  Adept x2  
  66  5:32  Sentry x4  
  77  5:42  Sentry  
  71  6:01  Stalker x3  
  71  6:02  Stalker  
  71  6:03  Sentry x2  
  75  6:21  Immortal  
  75  6:30  Stalker x3  
  75  6:31  Stalker, Adept  
  75  6:32  Adept x2  
  93  6:51  Pylon  
  93  6:57  Probe  
  94  7:07  Adept x4  
  100  7:21  Pylon  
  100  7:22  Pylon  
  100  7:23  Pylon  
  92  7:31  Sentry x3, Stalker x3  
  92  7:32  Stalker  
  80  7:54  Stalker  
  80  7:55  Stalker x6  
Show
View Real Time Build Order
Export as new Build Order

Plurmorant Zerg 

Build Orders: Hatch First, Roach Nydus 

Get SALT Encoding   

  12  0:01  Drone  
  13  0:13  Overlord  
  13  0:17  Drone  
  14  0:23  Extractor  
  14  0:24  Drone  
  15  0:31  Drone  
  15  0:35  Drone  
  17  0:52  Hatchery  
  16  1:06  Spawning Pool  
  16  1:08  Drone  
  16  1:11  Drone  
  17  1:15  Drone  
  18  1:19  Drone  
  19  1:30  Drone  
  20  1:40  Overlord  
  20  1:53  Queen  
  22  1:59  Drone  
  23  2:03  Drone  
  23  2:05  Drone  
  23  2:06  Queen  
  27  2:14  Drone  
  27  2:15  Drone  
  29  2:23  Zergling x2  
  29  2:25  Drone  
  29  2:28  Extractor  
  29  2:29  Queen  
  32  2:34  Drone  
  32  2:35  Overlord  
  33  2:46  Drone  
  33  2:49  Drone  
  35  2:53  Extractor  
  35  2:55  Queen  
  35  2:56  Drone  
  37  2:58  Drone  
  37  3:00  Drone  
  37  3:01  Drone  
  37  3:03  Drone  
  41  3:08  Drone, Overlord  
  42  3:17  Roach Warren  
  41  3:20  Drone x2  
  41  3:21  Drone  
  41  3:22  Overlord  
  44  3:30  Lair, Drone x2  
  46  3:34  Overlord x2  
  46  3:42  Drone x2  
  46  3:45  Overlord  
  48  3:49  Overlord  
  48  3:54  Drone  
  49  3:57  Extractor  
  49  3:58  Overlord  
  49  3:59  Drone  
  49  4:01  Drone  
  50  4:04  Drone  
  50  4:05  Drone  
  50  4:07  Drone x2  
  54  4:11  Extractor  
  54  4:15  Roach  
  54  4:16  Roach x3  
  61  4:19  Roach  
  63  4:28  Roach  
  63  4:29  Nydus Network  
  64  4:32  Queen  
  64  4:33  Roach  
  64  4:35  Roach  
  70  4:40  Roach  
  70  4:41  Roach x2  
  70  4:45  Roach  
  78  4:49  Queen  
  78  4:52  Roach  
  82  4:55  Roach  
  82  4:56  Roach  
  88  5:00  Roach  
  88  5:03  Roach  
  90  5:09  Nydus Canal  
  90  5:10  Roach x2  
  94  5:14  Roach  
  94  5:15  Overlord  
  94  5:19  Roach  
  98  5:28  Roach  
  100  5:46  Roach x2  
  100  5:47  Roach  
  100  5:48  Roach x4  
  100  5:49  Roach  
  99  6:03  Roach x2  
  97  6:05  Roach x2  
  97  6:06  Roach  
  97  6:11  Roach  
  97  6:17  Roach x2  
  97  6:18  Glial Reconstitution  
  97  6:25  Burrow  
  97  6:29  Overlord  
  97  6:32  Hatchery  
  96  6:33  Roach x2  
  96  6:36  Overlord  
  96  6:39  Overlord  
  100  6:41  Overlord  
  100  6:43  Overlord  
  98  6:47  Overlord  
  96  6:56  Roach x2  
  96  6:58  Roach  
  96  7:01  Roach  
  104  7:06  Roach  
  104  7:07  Roach  
  108  7:12  Roach  
  108  7:14  Roach  
  108  7:15  Roach  
  102  7:17  Roach  
  102  7:19  Roach  
  106  7:25  Roach  
  106  7:29  Roach  
  92  7:31  Roach  
  92  7:32  Roach  
  92  7:34  Roach  
  88  7:41  Roach  
  46  8:01  Roach  
Tags
 
Add a new tag
Caveats
  • Supply blocks, unpowered buildings, or Contaminate may cause inaccurate times.
  • Supply counts are checked every 10 seconds.